 Dungeon Sprint DCSS version 0.21.1-1-g345015f (webtiles) character file.

8079 Fang the Severer (level 11, -20/115 HPs)
             Began as a Minotaur Berserker on June 8, 2018.
             Was the Champion of Trog.
             Killed from afar by an iron dragon (51 damage)
             ... with a spray of metal splinters
             ... in the Dungeon (Sprint VII: "The Pits").
             The game lasted 00:04:31 (1655 turns).

Fang the Severer (Minotaur Berserker)               Turns: 1655, Time: 00:04:31

Health: -20/115    AC: 12    Str: 25    XL:     11   Next: 5%
Magic:  3/3        EV: 18    Int:  7    God:    Trog [******]
Gold:   0          SH:  0    Dex: 10    Spells: 10/10 levels left

rFire    . . .     SeeInvis .   o - +8 battleaxe (antimagic)
rCold    + . .     Gourm    .   (shield currently unavailable)
rNeg     . . .     Faith    .   a - +3 scale mail {rC+}
rPois    .         Spirit   .   (helmet restricted)
rElec    .         Reflect  .   (no cloak)
rCorr    .         Harm     .   (no gloves)
MR       .....     NoTele   +   (no boots)
Stlth    ..........             (no amulet)
HPRegen  0.29/turn              p - +3 ring of evasion
MPRegen  0.08/turn              r - +3 ring of intelligence

@: berserk cooldown, slowed, very slow
A: retaliatory headbutt, horns 2
a: Berserk, Trog's Hand, Brothers in Arms, Burn Spellbooks, Renounce Religion


You were in the Dungeon.
You worshipped Trog.
Trog was exalted by your worship.
You were hungry.

You visited 1 branch

Inventory:

Hand Weapons
 j - a +2 hand axe of chopping
 k - a +2 hand axe
 o - a +8 antimagic battleaxe (weapon)
 t - a +2 war axe of freezing
 v - a +5 broad axe of venom
Armour
 a - a +3 scale mail of cold resistance (worn)
Jewellery
 p - a +3 ring of evasion (left hand)
 r - a +3 ring of intelligence (right hand)
Scrolls
 i - a scroll of blinking
 m - 3 scrolls of remove curse
 n - a scroll of summoning
Potions
 d - 8 potions of curing
 e - 10 potions of heal wounds
 f - a potion of haste
 g - 4 potions of magic
 h - 3 potions of berserk rage
 l - 2 potions of invisibility
 q - 2 potions of might
 s - a potion of brilliance
 u - a potion of agility
Comestibles
 c - 9 rations


   Skills:
 + Level 16.5 Fighting
 + Level 19.3 Axes
 + Level 13.8 Armour
 + Level 10.5 Dodging
 + Level 1.0 Stealth


You had 10 spell levels left.
You didn't know any spells.

Dungeon Overview and Level Annotations

Branches:
Dungeon (1/1)

Altars:
Ashenzari
Cheibriados
Dithmenos
Elyvilon
Fedhas
Gozag
Hepliaklqana
Kikubaaqudgha
Makhleb
Nemelex Xobeh
Okawaru
Qazlal
Ru
Sif Muna
Trog
Uskayaw
Vehumet
Wu Jian
Xom
Yredelemnul
Zin
The Shining One
Beogh
Jiyva
Lugonu


Innate Abilities, Weirdness & Mutations

You reflexively headbutt those who attack you in melee.
You have a pair of horns on your head.


Message History

You slice the iron dragon!!
You headbutt the iron dragon, but do no damage.
The iron dragon is severely wounded.
You are no longer berserk.
You are exhausted.
You feel yourself slow down.
Unknown command.
Your scale mail prevents you from hitting the iron dragon.
You headbutt the iron dragon, but do no damage.
The iron dragon is severely wounded.
The iron dragon bites you. The iron dragon barely misses you.
The iron dragon tramples you!
You stumble backwards!
Unknown command.
You slice the iron dragon!!
The iron dragon is almost dead.
The reaper hits you from afar with a scythe of protection.
* * * LOW HITPOINT WARNING * * *
The iron dragon breathes metal splinters at you.
The spray of metal splinters hits you!
You die...

#............
............
...T.....8.
........
...2. #''#
#####28#####
#....D)....#
#....@.....#
+..#....#..#
+..........#
#..........#
#..#....#..#
+..........#
+..........#
#..#....#..#
#..........+


You could see an electric golem, an iron dragon, an iron troll, a reaper and a
green death.

Vanquished Creatures
  A pearl dragon (D)
  A vault guard (D)
  An ice dragon (D)
  A soul eater (D)
  A sun demon (D)
  An unseen horror (D)
  Pikel (D)
  A manticore (D)
  An orc sorcerer (D)
  A demonic crawler (D)
  A jumping spider (D)
  A redback (D)
  A wraith (D)
  A large abomination (D)
  An orc warrior (D)
  2 slaves (D)
  A black bear (D)
  A phantom (D)
  A crimson imp (D)
  A hound (D)
  A jelly (D)
  2 adders (D)
  2 ufetubi (D)
  2 oozes (D)
  An adder zombie (D)
  A leopard gecko (D)
  3 orcs (D)
  A bat skeleton (D)
  A giant cockroach (D)
  A goblin (D)
  A hobgoblin (D)
  A quokka (D)
  A frilled lizard (D)
  2 kobolds (D)
  A leopard gecko zombie (D)
42 creatures vanquished.

Notes
Turn   | Place    | Note
-------+----------+-------------------------------------------
     0 | D        | Fang the Minotaur Berserker began the quest for the Orb.
     0 | D        | Reached XP level 1. HP: 19/19 MP: 0/0
    16 | D        | Reached skill level 4 in Axes
    16 | D        | Reached XP level 2. HP: 16/28 MP: 1/1
   156 | D        | Found a bloodstained altar of Trog.
   156 | D        | Found a deep blue altar of Sif Muna.
   156 | D        | Found a viscous altar of Jiyva.
   156 | D        | Found a hazy altar of Hepliaklqana.
   156 | D        | Found an opulent altar of Gozag.
   157 | D        | Found a glowing golden altar of the Shining One.
   157 | D        | Found a glowing silver altar of Zin.
   157 | D        | Found a basalt altar of Yredelemnul.
   157 | D        | Found a shimmering altar of Xom.
   157 | D        | Found an ornate altar of the Wu Jian Council.
   157 | D        | Found a sacrificial altar of Ru.
   157 | D        | Found a stormy altar of Qazlal.
   157 | D        | Found an iron altar of Okawaru.
   157 | D        | Found a sparkling altar of Nemelex Xobeh.
   157 | D        | Found a burning altar of Makhleb.
   157 | D        | Found a blossoming altar of Fedhas.
   157 | D        | Found a white marble altar of Elyvilon.
   157 | D        | Found a shadowy altar of Dithmenos.
   157 | D        | Found a snail-covered altar of Cheibriados.
   160 | D        | Found a corrupted altar of Lugonu.
   160 | D        | Found a radiant altar of Vehumet.
   160 | D        | Found a roughly hewn altar of Beogh.
   202 | D        | Reached ** piety under Trog
   202 | D        | Reached skill level 5 in Fighting
   202 | D        | Reached skill level 5 in Axes
   242 | D        | Reached *** piety under Trog
   246 | D        | Reached XP level 3. HP: 25/37 MP: 2/2
   425 | D        | Noticed a slave
   427 | D        | Noticed a slave
   428 | D        | Reached **** piety under Trog
   429 | D        | Noticed an orc warrior
   430 | D        | Reached skill level 6 in Axes
   431 | D        | Killed a slave
   435 | D        | Noticed Pikel
   437 | D        | Reached ***** piety under Trog
   438 | D        | Noticed a slave
   438 | D        | Killed a slave
   443 | D        | Killed an orc warrior
   443 | D        | Reached skill level 8 in Axes
   443 | D        | Reached XP level 4. HP: 48/48 MP: 3/3
   443 | D        | Reached XP level 5. HP: 53/53 MP: 4/4
   448 | D        | Killed Pikel
   448 | D        | Received a gift from Trog
   448 | D        | Reached skill level 12 in Axes
   448 | D        | Reached skill level 5 in Dodging
   448 | D        | Reached XP level 6. HP: 68/68 MP: 5/5
   448 | D        | Reached XP level 7. HP: 74/74 MP: 6/6
   532 | D        | Noticed a manticore
   609 | D        | Killed a manticore
   609 | D        | Reached skill level 13 in Axes
   609 | D        | Reached XP level 8. HP: 83/83 MP: 7/7
   675 | D        | Reached skill level 14 in Axes
   714 | D        | Noticed a demonic crawler
   715 | D        | Noticed a jumping spider
   720 | D        | Killed a jumping spider
   720 | D        | Received a gift from Trog
   724 | D        | Killed a demonic crawler
   724 | D        | Reached skill level 15 in Axes
   880 | D        | Found a hide-covered altar of Uskayaw.
   880 | D        | Found an ancient bone altar of Kikubaaqudgha.
   880 | D        | Found a shattered altar of Ashenzari.
   938 | D        | Killed an unseen horror
   938 | D        | Reached skill level 16 in Axes
   938 | D        | Reached skill level 10 in Armour
   938 | D        | Reached XP level 9. HP: 42/95 MP: 2/8
  1166 | D        | Noticed a sun demon
  1166 | D        | Noticed an orc sorcerer
  1171 | D        | Killed an orc sorcerer
  1172 | D        | Killed a sun demon
  1172 | D        | Reached ****** piety under Trog
  1172 | D        | Received a gift from Trog
  1339 | D        | Noticed an ice dragon
  1351 | D        | Killed an ice dragon
  1351 | D        | Reached skill level 17 in Axes
  1351 | D        | Reached XP level 10. HP: 48/104 MP: 3/9
  1627 | D        | Noticed a vault guard
  1627 | D        | Noticed a pearl dragon
  1627 | D        | Noticed a soul eater
  1628 | D        | Noticed an iron troll
  1628 | D        | Noticed an electric golem
  1633 | D        | Noticed an iron dragon
  1641 | D        | Killed a pearl dragon
  1641 | D        | Reached skill level 18 in Axes
  1641 | D        | Reached skill level 10 in Dodging
  1641 | D        | Killed a soul eater
  1641 | D        | Reached skill level 19 in Axes
  1644 | D        | Noticed a reaper
  1648 | D        | Killed a vault guard
  1648 | D        | Reached skill level 1 in Stealth
  1648 | D        | Reached XP level 11. HP: 86/115 MP: 3/10
  1649 | D        | Noticed a green death
  1655 | D        | Killed from afar by an iron dragon

Skill      XL: |  1  2  3  4  5  6  7  8  9 10 |
---------------+-------------------------------+-----
Fighting       | 4 5 8 11 12 14 16 | 16.5
Axes           | 4 5 8 12 13 16 17 19 | 19.3
Armour         | 3 4 6 8 10 12 13 | 13.8
Dodging        | 3 4 5 6 8 9 10 | 10.5
Stealth        | 1 |  1.0

Action                   |  1- 3 |  4- 6 |  7- 9 | 10-12 || total
-------------------------+-------+-------+-------+-------++-------
Melee: Hand axe          |    27 |     5 |    32 |       ||    64
       Headbutt          |     5 |     1 |    19 |     4 ||    29
       Battleaxe         |       |       |    23 |    19 ||    42
Invok: Berserk           |     1 |       |     5 |     1 ||     7
  Eat: Chunk             |       |       |     6 |     2 ||     8
Armor: Animal skin       |     1 |       |       |       ||     1
       Scale mail        |     3 |     1 |    36 |     3 ||    43
Dodge: Dodged            |    23 |     3 |    47 |    18 ||    91
